 Dungeon Crawl Stone Soup version 0.31-a0-1447-g87ca8d402b (webtiles) character file.

Game seed: 8699864896991524788

2979 pokeman the Thaumaturge (level 9, -2/48 HPs)
             Began as a Deep Elf Hedge Wizard on Dec 27, 2023.
             Was an Initiate of Vehumet.
             Shot with an arrow by a centaur (12 damage)
             ... on level 8 of the Dungeon.
             The game lasted 00:19:16 (8817 turns).

pokeman the Thaumaturge (Deep Elf Hedge Wizard)     Turns: 8817, Time: 00:19:17

Health: -2/48      AC:  3    Str:  7    XL:     9   Next: 53%
Magic:  26/26      EV: 13    Int: 24    God:    Vehumet [......]
Gold:   318        SH:  0    Dex: 14    Spells: 14/31 levels left

rFire   . . .        G - +2 long sword (protect)
rCold   + . .        (no shield)
rNeg    . . .        b - +0 robe
rPois   .            f - +1 hat {Stlth+}
rElec   .            n - scarf {repulsion}
rCorr   .            (no gloves)
SInv    .            (no boots)
Will    .....        (no amulet)
Stlth   ++           t - ring of protection from cold
HPRegen 0.28/turn    (no ring)
MPRegen 0.20/turn

%: repel missiles
@: confused
A: no striking features
a: Renounce Religion


You were on level 8 of the Dungeon.
You worshipped Vehumet.
Vehumet was noncommittal.
You visited 2 branches of the dungeon, and saw 9 of its levels.

You collected 318 gold pieces.

Inventory:

Hand Weapons
 G - a +2 long sword of protection (weapon)
Missiles
 x - 2 throwing nets
Armour
 b - a +0 robe (worn)
 f - a +1 hat of stealth (worn)
 j - a +0 buckler
 n - a scarf of repulsion (worn)
Magical Staves
 v - a staff of earth
Jewellery
 t - a ring of protection from cold (left hand)
Wands
 C - a wand of digging (5)
 F - a wand of light (13)
Scrolls
 a - a scroll of fear {unknown}
 c - a scroll of amnesia {unknown}
 g - 9 scrolls of identify {unknown}
 h - 2 scrolls of fog {unknown}
 i - a scroll of enchant armour {unknown}
 k - 3 scrolls of teleportation {unknown}
 r - 2 scrolls of vulnerability {unknown}
 u - 2 scrolls of poison {unknown}
 y - a scroll of summoning {unknown}
 A - a scroll of blinking {unknown}
 B - 2 scrolls of acquirement {unknown}
Potions
 d - 2 potions of magic
 e - a potion of mutation {unknown}
 l - 3 potions of enlightenment {unknown}
 m - 2 potions of attraction {unknown}
 p - 2 potions of degeneration {unknown}
 q - 2 potions of brilliance {unknown}
 s - 4 potions of haste {unknown}
 w - 3 potions of heal wounds {unknown}
 z - 2 potions of lignification {unknown}
 D - a potion of resistance {unknown}
 E - a potion of ambrosia {unknown}


   Skills:
 - Level 2.0 Fighting
 - Level 3.2 Armour
 - Level 3.0 Dodging
 - Level 3.0 Stealth
 + Level 2.1 Shields
 * Level 11.5 Spellcasting
 + Level 6.3 Conjurations
 - Level 1.1 Summonings
 - Level 2.0 Necromancy
 - Level 1.1 Translocations
 - Level 1.0 Air Magic
 + Level 5.6 Earth Magic
 - Level 1.0 Alchemy
 - Level 1.0 Evocations


You had 14 spell levels left.
You knew the following spells:

 Your Spells              Type           Power      Damage    Failure   Level
a - Magic Dart            Conj           100%       1d8       1%          1
b - Mephitic Cloud        Conj/Alch/Air  27%        N/A       4%          3
c - Call Imp              Summ           38%        N/A       4%          2
d - Blink                 Tloc           38%        N/A       4%          2
e - Dispel Undead         Necr           23%        3d12      19%         4
f - Irradiate             Conj/Alch      15%        3d16      28%         5

Your spell library contained the following spells:

 Spells                   Type           Power      Damage    Failure   Level
 Cigotuvi's Dreadful Rot  Necr/Alch/Air  40%        N/A       3%          2
 Sublimation of Blood     Necr           23%        N/A       3%          2
 Dazzling Flash           Conj/Hex       58%        N/A       3%          3
 Hailstorm                Conj/Ice       29%        3d8       3%          3
 Freeze                   Ice            52%        1d6       4%          1
 Slow                     Hex            52%        N/A       4%          1
 Petrify                  Alch/Erth      29%        N/A       12%         4
 Frozen Ramparts          Ice            26%        1d4       14%         3
 Martyr's Knell           Necr/Summ      21%        N/A       24%         4
 Borgnjor's Vile Clutch   Necr/Erth      16%        N/A       26%         5
 Curse of Agony           Necr           23%        N/A       47%         5
 Alistair's Intoxication  Alch           12%        N/A       63%         5
 Silence                  Hex/Air        8%         N/A       71%         5
 Death Channel            Necr           11%        N/A       96%         6
 Eringya's Noxious Bog    Alch           9%         4d6       99%         6


Dungeon Overview and Level Annotations

Branches:
Dungeon (8/15)             Temple (1/1) D:7
   Lair: D:8-11

Altars:
Ashenzari
Cheibriados
Dithmenos
Elyvilon
Fedhas
Gozag
Hepliaklqana
Kikubaaqudgha
Makhleb
Nemelex Xobeh
Okawaru
Qazlal
Ru
Sif Muna
Trog
Uskayaw
Vehumet
Xom
Yredelemnul
Zin
The Shining One

Annotations:
D:7 2 transporters, Maggie; knightboat's ghost, novice OnCA
D:8 1 runed translucent door


Message History

The orc moves out of view.
You're too confused to move!
You are engulfed in noxious fumes.
You choke on the stench!
You are more confused.
The vampire hits you but does no damage.
The vampire barely misses you.
A centaur comes into view.
An orc comes into view. It is wielding a +0 club.
You are engulfed in noxious fumes.
You choke on the stench!
You are more confused.
The vampire points at you and mumbles some strange words.
You resist with some effort.
Unknown command.
The centaur shouts!
You slash the yak!
Your weapon exudes an aura of protection.
The yak is almost dead.
You are engulfed in noxious fumes.
You choke on the stench!
You are more confused.
The vampire barely misses you. The vampire closely misses you.
An orc comes into view. It is wielding a +0 mace.
The yak barely misses you.
The vampire points at you and mumbles some strange words.
You are more confused.
Unknown command.
You bump into the stone wall.
The orc barely misses you. The yak misses you.
Unknown command.
You completely miss the orc. The orc hits you with a +0 flail!
The vampire hits you. The vampire closely misses you.
The orc hits you but does no damage.
Unknown command.
The yak gores you!
The centaur wields a +0 orcbow.
The centaur shoots an arrow.
The arrow misses you. The orc attacks as it pursues you!
The orc hits you but does no damage.
You bump into the stone wall.
The yak gores you! The vampire closely misses you. The vampire bites you!
* * * LOW HITPOINT WARNING * * *
The vampire draws strength from your injuries!
The centaur shoots an arrow.
The arrow hits you!
You die...

#...# #.. .(.##
###.###..
#.......#
#....../# #..)...#
#......# ..
#...Y.### o.
#..@o.#.#.#
###.Vo#.c.#
#c#.o#############
#.................
#....##...........
#.#######.#####...
#.........########
#.######.......^..
#. ###.#########


You could see a yak (confused), a vampire, a centaur and 3 orcs.

Vanquished Creatures
  A two-headed ogre (D:7)
  3 water moccasins
  An orc warrior (D:7)
  2 sky beasts (D:6)
  2 ice beasts (D:6)
  A black bear (D:6)
  An ogre (D:7)
  2 phantoms (D:5)
  A bullfrog (D:8)
  3 scorpions
  2 howler monkeys (D:8)
  3 bombardier beetles
  3 hounds
  4 jellies
  2 orc priests
  3 gnoll boudas
  2 sleepcaps
  4 iguanas
  3 orc wizards
  Robin (D:2)
  14 gnolls
  4 adders
  2 white imps
  2 worms (D:2)
  2 dart slugs
  11 orcs
  2 bats
  9 endoplasms
  5 giant cockroaches
  13 goblins
  8 hobgoblins
  5 jackals
  3 quokkas
  5 ball pythons
  7 frilled lizards
  A kobold (D:3)
  6 rats
143 creatures vanquished.

Notes
Turn   | Place    | Note
-------+----------+-------------------------------------------
     0 | D:1      | pokeman the Deep Elf Hedge Wizard began the quest for the
                  | Orb.
     0 | D:1      | Reached XP level 1. HP: 10/10 MP: 7/7
   423 | D:1      | Reached XP level 2. HP: 8/15 MP: 1/9
  1102 | D:2      | Reached skill level 5 in Spellcasting
  1343 | D:2      | Reached XP level 3. HP: 10/20 MP: 1/11
  1347 | D:2      | Learned a level 3 spell: Mephitic Cloud
  1350 | D:2      | Learned a level 2 spell: Call Imp
  1353 | D:2      | Learned a level 2 spell: Blink
  1783 | D:2      | Found a bloodstained altar of Trog.
  1848 | D:2      | Noticed Robin
  1858 | D:2      | Killed Robin
  1859 | D:2      | Reached skill level 1 in Fighting
  1859 | D:2      | Reached skill level 1 in Armour
  2063 | D:2      | Reached XP level 4. HP: 25/25 MP: 6/13
  3042 | D:3      | Found a broken altar of Ashenzari.
  3541 | D:4      | Reached skill level 6 in Spellcasting
  3541 | D:4      | Reached XP level 5. HP: 29/29 MP: 10/15
  3544 | D:4      | Reached skill level 1 in Shields
  3895 | D:4      | Found an ancient bone altar of Kikubaaqudgha.
  4054 | D:4      | Reached skill level 1 in Evocations
  4054 | D:4      | Reached XP level 6. HP: 30/34 MP: 6/17
  4237 | D:4      | Reached skill level 1 in Alchemy
  4536 | D:5      | Entered Level 5 of the Dungeon
  4547 | D:5      | Reached skill level 1 in Earth Magic
  4548 | D:5      | Reached skill level 1 in Air Magic
  4573 | D:5      | Learned a level 4 spell: Dispel Undead
  4755 | D:5      | Reached skill level 7 in Spellcasting
  4832 | D:5      | Reached skill level 1 in Necromancy
  4832 | D:5      | Reached XP level 7. HP: 5/38 MP: 11/19
  5612 | D:5      | Found a shimmering altar of Xom.
  5765 | D:6      | Reached skill level 8 in Spellcasting
  6015 | D:6      | Reached XP level 8. HP: 34/44 MP: 10/22
  6119 | D:6      | Reached skill level 9 in Spellcasting
  6931 | D:7      | Reached skill level 5 in Conjurations
  7038 | D:7      | Noticed a two-headed ogre
  7051 | D:7      | Killed a two-headed ogre
  7052 | D:7      | Reached skill level 10 in Spellcasting
  7052 | D:7      | Reached XP level 9. HP: 48/48 MP: 16/25
  7129 | D:7      | Reached skill level 5 in Earth Magic
  7236 | D:7      | Found a staircase to the Ecumenical Temple.
  7259 | Temple   | Entered the Ecumenical Temple
  7282 | Temple   | Became a worshipper of Vehumet
  7310 | Temple   | Learned a level 5 spell: Irradiate
  7379 | D:7      | Noticed Maggie
  7480 | D:7      | Found a transporter.
  7483 | D:7      | Noticed knightboat's ghost (novice OnCA)
  7497 | D:7      | Noticed a purple ugly thing
  7501 | D:7      | Noticed a troll
  7547 | D:7      | Reached skill level 11 in Spellcasting
  7721 | D:7      | Found a transporter.
  8154 | D:8      | Found a runed translucent door.
  8154 | D:8      | Noticed a tengu warrior
  8204 | D:8      | HP: 2/48 [poison]
  8423 | D:8      | Found a shadowy altar of Dithmenos.
  8817 | D:8      | Shot with an arrow by a centaur

Illustrated notes

Levels and vault maps discovered:
D:1:      minmay_arrival_split_and_join, layout_rooms
D:2:      layout_basic, basic_altar, uniq_robin
D:3:      layout_loops_ring, ashenzari_conservatory_becter,
          minmay_misc_feat_roman
D:4:      layout_basic, lemuel_tele_altar, chequers_serial_rivers_large_a,
          st_stairs_13
D:5:      dreamdust_elfheim, layout_rooms, mainiacjoe_overflow_alcove_1,
          chequers_serial_rivers_micro_b
D:6:      layout_basic
D:7:      layout_basic, minmay_temple_entry_glass, nzn_ghost_randoct,
          uniq_maggie
D:8:      minmay_the_grid_triangle_9x9_recursive_2
          [minmay_the_grid_triangle_9x9_prize_schism,
          minmay_the_grid_triangle_9x9_alien,
          minmay_the_grid_triangle_9x9_longest,
          minmay_the_grid_triangle_9x9_fully_insulated_deathbox],
          layout_loops_ring, kennysheep_mini_moat
Temple:   bh_familiar_temple

Skill      XL: |  1  2  3  4  5  6  7  8  9 |
---------------+----------------------------+-----
Spellcasting   | 5 6 7 8 10 11 | 11.5
Fighting       | 1 2 |  2.0
Armour         | 1 3 |  3.2
Conjurations   | 2 3 4 5 6 |  6.3
Dodging        | 3 |  3.0
Shields        | 1 2 |  2.1
Evocations     | 1 |  1.0
Alchemy        | 1 |  1.0
Earth Magic    | 1 3 4 5 |  5.6
Stealth        | 3 |  3.0
Air Magic      | 1 |  1.0
Necromancy     | 1 2 |  2.0
Summonings     | |  1.1
Translocations | |  1.1

Action                     |  1- 3 |  4- 6 |  7- 9 || total
---------------------------+-------+-------+-------++-------
  Melee: Dagger            |    11 |       |       ||    11
         War axe           |    25 |    55 |    62 ||   142
         Punch             |       |     1 |     2 ||     3
         Long sword        |       |       |     6 ||     6
   Cast: Magic Dart        |    94 |   110 |   233 ||   437
         Mephitic Cloud    |     2 |     6 |    18 ||    26
         Blink             |     1 |     3 |     2 ||     6
         Call Imp          |       |     1 |     2 ||     3
         Irradiate         |       |       |     2 ||     2
  Evoke: Wand              |       |       |     1 ||     1
    Use: Potion            |       |       |     3 ||     3
   Stab: Confused          |     1 |     3 |     7 ||    11
         Sleeping          |       |     2 |       ||     2
 Armour: Robe              |    27 |    49 |    75 ||   151
  Dodge: Dodged            |    37 |    64 |    71 ||   172
         Repelled          |       |       |     3 ||     3

Table legend: (Time is in decaauts)
 A = Elapsed time spent in this place.
 B = Non-inter-level travel time spent in this place.
 C = Inter-level travel time spent in this place.
 D = Time resting spent in this place.
 E = Time spent auto-exploring this place.
 F = Levels seen in this place.
 G = Mean time per level.
                   A        B        C        D        E       F      G
               +--------+--------+--------+--------+--------+-----+--------+
         Total |   8905 |   8594 |    311 |    194 |   7080 |   9 |  989.4 |
       Dungeon |   8853 |   8585 |    268 |    194 |   7080 |   8 | 1106.6 |
        Temple |     51 |      8 |     43 |      0 |      0 |   1 |   51.0 |
               +--------+--------+--------+--------+--------+-----+--------+

Top non-repeatable levels by time:
     D:2: 1686 daAuts
     D:6: 1231 daAuts
     D:4: 1187 daAuts
     D:7: 1186 daAuts
     D:5: 1086 daAuts
     D:3: 903 daAuts
     D:1: 889 daAuts
     D:8: 682 daAuts
  Temple: 51 daAuts
